 Dungeon Crawl Stone Soup version 0.20-a0-891-ga2611f4 (webtiles) character file.

2888 RKaid the Grappler (level 9, -3/92 HPs)
             Began as a Troll Monk on Mar 16, 2017.
             Was an Elder of Yredelemnul.
             Shot with an arrow by a centaur warrior (28 damage)
             ... on level 8 of the Dungeon.
             The game lasted 00:14:41 (6372 turns).

RKaid the Grappler (Troll Monk)                     Turns: 6372, Time: 00:14:42

Health: -3/92      AC:  6    Str: 23    XL:     9   Next: 48%
Magic:  10/10      EV: 10    Int:  6    God:    Yredelemnul [****..]
Gold:   470        SH:  0    Dex: 13    Spells: 8/8 levels left

rFire    . . .     SeeInvis .     - Unarmed
rCold    . . .     Gourm    +   x - +1 robe
rNeg     . . .     Faith    .   (no shield)
rPois    .         Spirit   .   (helmet restricted)
rElec    .         Reflect  .   (no cloak)
rCorr    .         Harm     .   (gloves unavailable)
MR       ++...                  (boots unavailable)
Stlth    ++........             (no amulet)
Regen    0.7/turn               s - ring of protection from magic {MR+}
MPRegen  0.2/turn               g - ring of protection from magic {MR+}

@: drained
A: unfitting armour, claws 3, fast metabolism 3, gourmand, regeneration 1,
shaggy fur 1, tough skin 2
a: Recall Undead Slaves, Injury Mirror, Animate Dead, Drain Life, Renounce
Religion


You were on level 8 of the Dungeon.
You worshipped Yredelemnul.
Yredelemnul was greatly pleased with you.
You were not hungry.

You visited 2 branches of the dungeon, and saw 9 of its levels.

You collected 470 gold pieces.

Inventory:

Missiles
 G - a throwing net {=f}
Armour
 x - a +1 robe (worn)
   (You took it off Jessica on level 3 of the Dungeon)
Jewellery
 g - a ring of protection from magic (left claw) {MR+}
   (You found it on level 1 of the Dungeon)
 s - a ring of protection from magic (right claw) {MR+}
   (You found it on level 3 of the Dungeon)
Wands
 a - a wand of random effects (16/48)
   (You took it off a hobgoblin on level 3 of the Dungeon)
 w - a wand of digging (16/24)
   (You took it off Jessica on level 3 of the Dungeon)
 E - a wand of flame (26/48)
   (You found it on level 5 of the Dungeon)
 H - a wand of scattershot (6/9)
   (You found it on level 5 of the Dungeon)
Scrolls
 e - 6 scrolls of remove curse
 i - 5 scrolls of identify
 k - a scroll of amnesia {unknown}
 u - 2 scrolls of teleportation
 v - 2 scrolls of immolation {unknown}
 y - a scroll of recharging
 z - 2 scrolls of blinking {!r}
Potions
 c - a potion of brilliance
 f - a potion of berserk rage {!q}
 h - a potion of agility
 j - 2 potions of flight
 l - a potion of invisibility
 m - 3 potions of curing {unknown}
 o - a potion of mutation {!q}
 r - a potion of resistance {unknown}
 D - a potion of magic
Books
 n - a book of Minor Magic
   (You found it on level 6 of the Dungeon)
 t - a book of Debilitation
   (You found it on level 8 of the Dungeon)
Comestibles
 b - 4 bread rations
 d - 9 meat rations
 p - 6 fruits
 q - 2 royal jellies


   Skills:
 + Level 6.5(6.2) Fighting
 - Level 2.4(2.2) Dodging
 - Level 1.0(0.8) Stealth
 * Level 10.6(10.3) Unarmed Combat
 + Level 3.5(3.3) Invocations


You had 8 spell levels left.
You didn't know any spells.

Dungeon Overview and Level Annotations

Branches:
Dungeon (8/15)             Temple (1/1) D:4
   Lair: D:8-11

Altars:
Ashenzari
Cheibriados
Elyvilon
Fedhas
Hepliaklqana
Kikubaaqudgha
Makhleb
Nemelex Xobeh
Okawaru
Qazlal
Ru
Sif Muna
Trog
Uskayaw
Vehumet
Wu Jian
Xom
Yredelemnul
Zin
The Shining One

Annotations:
D:5 Vesto's ghost, novice GrFi
D:8 exclusion: door


Innate Abilities, Weirdness & Mutations

You are too large for most types of armour.
You have claws for hands.
Your metabolism is lightning-fast.
You like to eat raw meat.
Your natural rate of healing is unusually fast.
You are covered in fur. (AC +1)
You have very tough skin. (AC +2)


Message History

You claw the big kobold!
You kill the big kobold!
Yredelemnul accepts your kill. The kobold hits you but does no damage.
You feel drained.
You mangle the kobold!!
You kill the kobold!
Yredelemnul accepts your kill.
You scratch the kobold but do no damage.
The kobold closely misses you.
You closely miss the kobold. The kobold hits you but does no damage.
You mangle the kobold!!
You kill the kobold!
Yredelemnul accepts your kill.
No target in view!
Items here: ( ) †† a dagger; a stone; a kobold corpse; a big kobold corpse
Things that are here:
a whip of draining; a stone
Items here: ( )) †† a dagger; 4 stones; a whip; a kobold corpse x2
You call on the dead to rise...
The dead are walking!
You feel somewhat more hungry.
Things that are here:
a whip of draining; a stone You open the door.
There is an open door here.
You swap places.
You swap places.
You swap places.
There is an open door here.
You swap places.
Things that are here:
a whip of draining; a stone You open the door.
There is an open door here.
As you open the door, it creaks loudly!
A crocodile comes into view.
You hear a shout! x2; You hear two shouts!
You hear an angry hiss.
A quokka and a troll come into view.
An orc wizard and a centaur come into view.
The orc wizard mumbles some strange words.
The orc wizard seems to speed up.
A centaur warrior comes into view.
The centaur shouts!
You scratch the troll. The troll bites you! The troll barely misses you. x2
A two-headed ogre and a zombie come into view.
You barely miss the troll.
The bullfrog zombie moves out of view.
The troll bites you! The troll claws you.
The troll claws you but does no damage.
Your big kobold zombie hits the troll with a dagger.
You barely miss the troll. You claw the troll!
The orc wizard casts a spell.
The orc wizard flickers and vanishes!
Deactivating autopickup; reactivate with Ctrl-A.
The troll barely misses you. The troll claws you! The troll claws you.
Your big kobold zombie barely misses the troll.
An adder comes into view.
You closely miss the troll. The troll bites you.
The troll claws you but does no damage. The troll claws you!
You claw the troll!
Your big kobold zombie hits the troll but does no damage.
The troll misses you. The troll claws you! x2
You swap places.
Your big kobold zombie barely misses the troll.
The troll bites you.
* * * LOW HITPOINT WARNING * * *
The troll barely misses you. The troll claws you!
* * * LOW HITPOINT WARNING * * *
You swap places.
The troll bites your kobold zombie!
The troll closely misses your kobold zombie.
The troll claws your kobold zombie!
Your kobold zombie is destroyed!
Your big kobold zombie hits the troll with a dagger.
You swap places.
The troll bites your kobold zombie. The troll claws your kobold zombie!
Your kobold zombie is destroyed!
You swap places.
Your big kobold zombie hits the troll with a dagger.
Your kobold zombie closely misses the troll.
Your big kobold zombie hits the troll but does no damage.
The troll bites your kobold zombie!
Your kobold zombie is destroyed!
The centaur warrior hits your big kobold zombie!
The centaur warrior hits your big kobold zombie.
Your big kobold zombie hits the troll but does no damage.
Your big kobold zombie barely misses the centaur warrior.
There is an open door here.
You see here a stone.
Things that are here:
4 stones; a whip
There is an open door here.
You see here a stone.
The centaur warrior wields a longbow.
The centaur warrior shoots an arrow.
The arrow hits you!
* * * LOW HITPOINT WARNING * * *
You see here an arrow.
The centaur warrior shoots an arrow.
The arrow hits you!!
You die...
Your body rises from the dead as a mindless zombie.

.[....##.######.#.#......####....
......#.....)[[..................
..........##..####.##########....
...........<.##........# #####
........#.#####........#
.......#.# #........#
.[.......#####....)...#
................÷.#####
.........##.##@.[#
#.#.#.#.###.##...# #
#########+###..# #?##.###..###+#
+( #.#..T.....# #$##.####.###+#
+$##....#c#...# .⌠...
#=##..8.#(#...# ....
+[##....#.#...#


You could see a centaur warrior and a troll.

Vanquished Creatures
  Sigmund (D:3)
  The ghost of Narsil the Vexing, an amateur NaEn (D:3)
  2 orc warriors
  An eye of draining (D:8)
  An ogre (D:6)
  2 centaurs
  A big kobold (D:8)
  5 bullfrogs
  A gnoll sergeant (D:8)
  2 scorpions
  7 killer bees
  4 wights (D:7)
  4 crimson imps
  A hound (D:6)
  6 orc priests
  A centaur skeleton (D:4)
  2 jellies
  5 orc wizards
  An iguana (D:8)
  Jessica (D:3)
  Natasha (D:3)
  4 worker ants
  A hound zombie (D:5)
  11 gnolls
  5 adders
  3 shadow imps
  A dart slug (D:1)
  The ghost of Denreik the Stinger, a weakling FoVM (D:6)
  5 leopard geckos
  17 orcs
  2 ball pythons
  5 bats
  3 giant cockroaches
  8 goblins
  8 hobgoblins
  14 jackals
  10 kobolds
  6 quokkas
  2 frilled lizards
  A jackal skeleton (D:7)
  A jackal zombie (D:8)
  A leopard gecko skeleton (D:4)
  6 rats
165 creatures vanquished.

Vanquished Creatures (collateral kills)
  A killer bee (D:7)
  A gnoll (D:8)
  An adder (D:4)
  A butterfly (D:4)
4 creatures vanquished.

Vanquished Creatures (others)
  A big kobold zombie (D:8)
  A mummy (D:7)
  3 kobold zombies (D:8)
  6 orc zombies
11 creatures vanquished.

Grand Total: 180 creatures vanquished

Notes
Turn   | Place    | Note
-------+----------+-------------------------------------------
     0 | D:1      | RKaid the Troll Monk began the quest for the Orb.
     0 | D:1      | Reached XP level 1. HP: 22/22 MP: 0/0
   120 | D:1      | Reached XP level 2. HP: 29/29 MP: 1/1
   475 | D:1      | Reached XP level 3. HP: 36/36 MP: 2/2
   993 | D:2      | Reached skill level 3 in Fighting
  1373 | D:3      | Noticed an angel
  1374 | D:3      | Found a shimmering altar of Xom.
  1375 | D:3      | Found a glowing silver altar of Zin.
  1412 | D:3      | Reached skill level 4 in Unarmed Combat
  1471 | D:3      | Noticed Narsil's ghost (amateur NaEn)
  1482 | D:3      | Killed Narsil's ghost
  1482 | D:3      | Reached skill level 5 in Unarmed Combat
  1482 | D:3      | Reached XP level 4. HP: 46/46 MP: 3/3
  1482 | D:3      | Reached XP level 5. HP: 53/53 MP: 4/4
  1603 | D:3      | Noticed Jessica
  1617 | D:3      | Killed Jessica
  1807 | D:3      | Noticed Sigmund
  1808 | D:3      | Reached XP level 6. HP: 62/62 MP: 5/5
  1814 | D:3      | Killed Sigmund
  1814 | D:3      | Reached skill level 4 in Fighting
  1814 | D:3      | Reached skill level 6 in Unarmed Combat
  1927 | D:3      | Noticed Natasha
  1934 | D:3      | Killed Natasha
  2153 | D:4      | Found a staircase to the Ecumenical Temple.
  2168 | Temple   | Entered the Ecumenical Temple
  2210 | Temple   | Became a worshipper of Yredelemnul the Dark
  2210 | Temple   | Reached * piety under Yredelemnul
  2210 | Temple   | Reached ** piety under Yredelemnul
  2258 | D:4      | Reached XP level 7. HP: 55/71 MP: 6/6
  2331 | D:4      | Found a shattered altar of Ashenzari.
  2344 | D:4      | Reached skill level 7 in Unarmed Combat
  2353 | D:4      | Found an iron altar of Okawaru.
  2359 | D:4      | Found a white marble altar of Elyvilon.
  2362 | D:4      | Found an ancient bone altar of Kikubaaqudgha.
  2362 | D:4      | Found a radiant altar of Vehumet.
  2544 | D:4      | Found a stormy altar of Qazlal.
  2933 | D:5      | Entered Level 5 of the Dungeon
  2933 | D:5      | Noticed Vesto's ghost (novice GrFi)
  3439 | D:5      | Reached skill level 5 in Fighting
  3618 | D:6      | Noticed Denreik's ghost (weakling FoVM)
  3624 | D:6      | Killed Denreik's ghost
  3645 | D:6      | Reached skill level 8 in Unarmed Combat
  3710 | D:6      | Reached XP level 8. HP: 80/80 MP: 7/7
  3741 | D:6      | Reached *** piety under Yredelemnul
  4145 | D:7      | Reached skill level 1 in Invocations
  4260 | D:6      | Reached skill level 9 in Unarmed Combat
  4792 | D:7      | Reached skill level 2 in Invocations
  4982 | D:7      | Found an ornate altar of the Wu Jian Council.
  4990 | D:7      | Found a hazy altar of Hepliaklqana.
  4995 | D:7      | Found a hide-covered altar of Uskayaw.
  5074 | D:7      | Reached skill level 6 in Fighting
  5074 | D:7      | Received a gift from Yredelemnul (a mummy)
  5138 | D:7      | Reached XP level 9. HP: 52/89 MP: 9/9
  5538 | D:8      | Reached skill level 10 in Unarmed Combat
  5555 | D:8      | HP: 16/89 [orc/flail (9)]
  5555 | D:8      | HP: 5/89 [orc warrior/hand axe (11)]
  5560 | D:8      | HP: 21/89 [orc/tomahawk (4)]
  5560 | D:8      | HP: 5/89 [orc warrior/hand axe (16)]
  5565 | D:8      | HP: 32/133 [orc/whip (3)]
  5779 | D:8      | Reached skill level 3 in Invocations
  6294 | D:8      | Reached **** piety under Yredelemnul
  6336 | D:8      | Noticed a troll
  6338 | D:8      | Noticed a centaur warrior
  6339 | D:8      | Noticed a two-headed ogre
  6344 | D:8      | HP: 19/92 [troll (8)]
  6365 | D:8      | HP: 20/92 [centaur warrior/arrow (12)]
  6372 | D:8      | Shot with an arrow by a centaur warrior

Vault maps used:
D:1:      tarquinn_simple_flora_water_d, st_stairs_13, minmay_nonomino_d4
D:2:      first_bread, moated_statue
D:3:      lemuel_upstairs_altar, grunt_temple_overflow_order_and_chaos_1,
          uniq_jessica, uniq_natasha, uniq_sigmund
D:4:      grunt_temple_overflow_open, grunt_qazlal_sundering,
          minmay_temple_entry_butterflies
D:5:      lemuel_coloured_pillars_altar
D:7:      minitemple
D:8:      wad_statue_garden
Temple:   jpeg_temple_island

Skill      XL: |  1  2  3  4  5  6  7  8  9 |
---------------+----------------------------+-----
Fighting       | 3 4 5 6 |  6.5
Unarmed Combat | 5 6 8 9 10 | 10.6
Invocations    | 2 3 |  3.5
Dodging        | |  2.4
Stealth        | |  1.0

Action                   |  1- 3 |  4- 6 |  7- 9 || total
-------------------------+-------+-------+-------++-------
Melee: Unarmed           |    91 |    60 |   296 ||   447
       Punch             |     3 |     2 |    10 ||    15
Invok: Animate Remains   |       |       |     1 ||     1
       Animate Dead      |       |       |     5 ||     5
  Use: Scroll            |       |       |    13 ||    13
       Potion            |       |       |    10 ||    10
 Stab: Sleeping          |     2 |     1 |     4 ||     7
  Eat: Chunk             |    18 |     7 |    35 ||    60
Armor: Robe              |    28 |     8 |    71 ||   107
Dodge: Dodged            |    43 |    26 |   195 ||   264

Table legend:
 A = Turns spent in this place as a percentage of turns spent in the entire game.
 B = Non-inter-level travel turns spent in this place as a percentage of non-inter-level travel turns spent in the entire game.
 C = Inter-level travel turns spent in this place as a percentage of turns spent in this place.
 D = Turns resting spent in this place as a percentage of non-inter-level travel turns spent in this place.
 E = Turns spent auto-exploring this place as a percentage of non-inter-level travel turns spent in this place.
 F = Non-inter-level travel turns spent in this place divided by the number of levels of this place that you've seen.
                   A       B       C       D       E      F
               +-------+-------+-------+-------+-------+----------------------
         Total | 100.0 | 100.0 |   0.7 |   3.3 |   9.8 | 216.7
       Dungeon |  98.9 |  99.0 |   0.6 |   3.4 |   9.9 | 241.2
        Temple |   1.1 |   1.0 |   4.8 |   0.0 |   5.0 |  20.0
               +-------+-------+-------+-------+-------+----------------------

Table legend:
 A = Kills in this place as a percentage of kills in entire the game.
 B = Kills by you in this place as a percentage of kills by you in the entire game.
 C = Kills by friends in this place as a percentage of kills by friends in the entire game.
 D = Other kills in this place as a percentage of other kills in the entire game.
 E = Experience gained in this place as a percentage of experience gained in the entire game.
 F = Experience gained in this place divided by the number of levels of this place that you have seen.
                   A       B       C       D       E      F
               +-------+-------+-------+-------+-------+----------------------
         Total | 100.0 | 100.0 | 100.0 |  -nan | 100.0 | 458.4
       Dungeon |  99.4 |  99.4 | 100.0 |  -nan |  99.9 | 515.4
        Temple |   0.6 |   0.6 |   0.0 |  -nan |   0.1 |   3.0
               +-------+-------+-------+-------+-------+----------------------
